 Dungeon Crawl Stone Soup version 0.11.3 (console) character file.

326450 Lightli the Executioner (level 22, -8/304 (313) HPs)
             Began as a Minotaur Stalker on July 2, 2022.
             Was the Champion of Trog.
             Mangled by an acid blob (25 damage)
             ... created by the royal jelly
             ... on Level 6 of the Pits of Slime.
             The game lasted 02:32:32 (57405 turns).

Lightli the Executioner (Minotaur Stalker)         Turns: 57405, Time: 02:32:32

HP  -8/304 (313) AC 31     Str 32      XL: 22   Next: 73%
MP   0/9         EV 15     Int 11      God: Trog [******]
Gold 4678        SH  0     Dex 17      Spells:  1 memorised, 22 levels left

Res.Fire  : + . .   See Invis. : .   a - +6,+8 executioner's axe (antimagic) {god g Res.Cold : . . . Warding : . m - -2 plate armour Life Prot.: + + . Conserve : . (no shield)
Res.Poison: .       Res.Corr.  : +   L - +2 hat of the Bear Spirit {Spirit, +Rage r Res.Elec. : . Clarity : . j - +2 cloak of the Eternal Void {+Blink rN+}
Sust.Abil.: . .     Spirit.Shd : +   q - +1 pair of gloves {Str+3}
Res.Mut.  : .       Stasis     : .   f - +2 pair of boots
Res.Rott. : .       Ctrl.Telep.: x   u - amulet of resist corrosion
Saprovore : . . .   Levitation : .   S - ring "Tyddal" {rF+ Str+2 Dex+2 Int+1} Ctrl.Flight: .
                                     v - ring of protection from magic

@: berserking, very quick, extraordinarily resistant to hostile enchantments,
extremely unstealthy
A: retaliatory headbutt, horns 2, blurry vision 1, spit poison 1, AC +1, Str -1,
Int +1, Dex +1
a: Spit Poison, Burn Spellbooks, Berserk, Trog's Hand, Brothers in Arms,
Renounce Religion, Evoke Blink, Evoke Berserk Rage


You were on level 6 of the Pits of Slime.
You worshipped Trog.
Trog was exalted by your worship.
You were not hungry.

You visited 5 branches of the dungeon, and saw 46 of its levels.
You also visited: Labyrinth, Sewer, Bailey and Wizlab.

You collected 6016 gold pieces.
You spent 1358 gold pieces at shops.

Inventory:

Hand weapons
 a - a +6,+8 anti-magic executioner's axe (weapon) {god gift}
 b - the +3,+11 Wrath of Trog {antimagic}
   (You found it on level 8 of the Lair of Beasts)

   It disrupts the flow of magical energy around spellcasters and certain
   magical creatures (including the wielder).
Missiles
 h - 2 steel bolts
Armour
 f - a +2 pair of boots (worn)
 i - a +1 gold dragon armour
 j - the +2 cloak of the Eternal Void (worn) {+Blink rN+}
   (You found it on level 19 of the Dungeon)

   It protects you from negative energy.
   It lets you blink.
 m - a -2 plate armour (worn)
 q - a +1 pair of gloves of strength (worn)
 L - the +2 hat of the Bear Spirit (worn) {Spirit, +Rage rN+ MR}
   (You bought it in a shop on level 4 of the Orcish Mines)

   It protects you from negative energy.
   It increases your resistance to enchantments.
   It lets you go berserk.
Magical devices
 c - a wand of polymorph other (11)
 d - a wand of enslavement (18)
 e - a wand of digging (12)
 t - a wand of teleportation (2)
 x - a wand of disintegration (13)
 y - a wand of disintegration (12)
 B - a wand of heal wounds (8)
 D - a wand of draining (7)
 G - a wand of disintegration (11)
 Q - a wand of digging (6)
 T - a wand of cold (8)
 W - a wand of draining (2)
Comestibles
 k - 3 meat rations
 w - 7 honeycombs
Jewellery
 g - a +3 ring of protection
 l - an uncursed ring of protection from cold
 s - an uncursed amulet of resist mutation
 u - an amulet of resist corrosion (around neck)
 v - a ring of protection from magic (left hand)
 A - an uncursed amulet of stasis
 I - an uncursed ring of teleportation
 K - an uncursed amulet of guardian spirit
 R - an uncursed amulet of warding
 S - the ring "Tyddal" (right hand) {rF+ Str+2 Dex+2 Int+1}
   (You found it in a labyrinth)

   [ring of protection from fire]

   It affects your strength (+2).
   It affects your intelligence (+1).
   It affects your dexterity (+2).
 U - an uncursed ring of protection from cold
 Z - a cursed ring of life protection
Potions
 E - a potion of invisibility
 F - 3 potions of resistance
 H - 3 potions of agility
 J - 2 potions of berserk rage
 N - 7 potions of curing
 O - 3 potions of speed
 Y - 2 potions of levitation
Miscellaneous
 V - a box of beasts
Rods
 o - a +2 rod of venom (13/13)
   (You took it off a crimson imp on level 25 of the Dungeon)


   Skills:
 - Level 21.7 Fighting
   Level 1.1 Short Blades
 - Level 26.0 Axes
 + Level 21.2 Armour
 - Level 14.5 Dodging
 - Level 1.5 Stealth
 - Level 1.7 Stabbing
 - Level 11.1 Traps & Doors
 - Level 1.0 Spellcasting
   Level 1.5 Transmutations
 - Level 10.3 Evocations


You had 22 spell levels left.
You knew the following spells:

 Your Spells              Type           Power        Failure   Level  Hunger
a - Apportation           Tloc           #.........   100%        1    ##.....


Dungeon Overview and Level Annotations

Branches:
Dungeon (27/27)            Temple (1/1) D:5             Orc (4/4) D:6
    Elf (0/3) Orc:4          Lair (8/8) D:12         Shoals (0/5) Lair:5
  Snake (0/5) Lair:5        Slime (6/6) Lair:8       Vaults (0/8) D:18
    Zot: D:27

Altars:
Ashenzari
Cheibriados
Elyvilon
Fedhas
Kikubaaqudgha
Makhleb
Nemelex Xobeh
Okawaru
Sif Muna
Trog
Vehumet
Xom
Yredelemnul
Zin
the Shining One
Beogh

Shops:
D:4: % D:7: * D:10: % D:14: ( D:27: % Orc:4: *[[

Portals:
Hell: D:21 D:22 D:23 D:24 D:25
Abyss: D:21 D:25
Pandemonium: D:24 D:25

Annotations
D:3 Grinder
Lair:4 exclusion: oklob plant
Lair:6 exclusion: oklob plant
Slime:6 Royal Jelly


Innate Abilities, Weirdness & Mutations

You reflexively headbutt those who attack you in melee.
You have a pair of horns on your head.
Your vision is a little blurry.
Your mind is acute (Int +1).
Your muscles are flexible, but weak (Str -1, Dex +1).
You are covered in fur (AC +1).
You can spit poison.


Message History

Unknown command.
Unknown command.
Unknown command.
Unknown command.
Unknown command.
Unknown command.
Unknown command.
Unknown command.
Unknown command.
Unknown command.
Unknown command.
Unknown command.
You slice the azure jelly!!
The azure jelly is moderately wounded.
Your rock troll bites the acid blob!
Your rock troll claws the acid blob but does no damage.
Your rock troll claws the acid blob!
The acid blob hits you but does no damage.
The acid blob hits you!
You die...

##.............
###.................
#....<...............
.......................
........................
................JJJ.....
...............JJJJJ....
...............JJJJJ.....
.............JJ@JJJ....J
............####T#####.
......J.## .# ......## #
....## ..# .


You could see 6 acid blobs, 4 azure jellies, a giant amoeba, a large slime
creature, 2 slime creatures, 5 death oozes, a jelly and a friendly rock troll
(berserk).

Vanquished Creatures
  Norris (D:19)
  Mennas (D:25)
  A golden dragon (D:27)
  Frederick (D:23)
  5 liches
  4 tentacled monstrosities
  8 acid blobs
  A storm dragon (D:27)
  2 titans (D:21)
  A sphinx (D:21)
  An azure jelly (Slime:6)
  An orc warlord (D:24)
  2 ghouls (D:26)
  3 frost giants
  Louise (D:19)
  16 stone giants
  Gastronok (D:12)
  The ghost of P0WERM0DE the Black Belt, a powerful SECK of Cheibriados (D:19)
  2 fire giants
  A draconian annihilator (D:23)
  2 ice statues (WizLab)
  The ghost of Lightli the Black Belt, a powerful OpSt of Yredelemnul (D:13)
  4 deep elf annihilators (D:23)
  3 greater nagas (D:21)
  A red draconian (D:27)
  A deep elf sorcerer (D:24)
  2 spriggan defenders (D:25)
  4 ettins
  2 spriggan air magi (D:23)
  A storm dragon zombie (D:26)
  33 yaktaur captains
  4 blizzard demons (D:25)
  A minotaur (Lab)
  4 dragons
  8 vault guards (D:18)
  3 great orbs of eyes
  A storm dragon skeleton (D:23)
  4 vampire knights (D:26)
  8 statues (D:23)
  An unborn deep dwarf (D:26)
  Fannar (D:15)
  Josephine (D:10)
  2 death oozes
  2 ice dragons
  2 ravenous feature mimics
  10 hydras
  A ravenous item mimic (D:21)
  An anaconda (shapeshifter) (D:22)
  4 spriggan berserkers (D:25)
  3 ogre magi
  4 anacondas (D:21)
  6 dancing weapons (WizLab)
  The ghost of Lightli the Thaumaturge, a powerful TeSt of Sif Muna (Lair:1)
  A shadow dragon skeleton (D:26)
  12 centaur warriors
  A frost giant zombie (D:19)
  5 death yaks (Lair:8)
  3 very ugly things
  Urug (D:11)
  6 stone giant zombies
  17 deep trolls
  A fire giant skeleton (D:23)
  3 stone giant skeletons
  2 hell knights (D:26)
  A frost giant skeleton (D:19)
  A soul eater (Orc:4)
  5 deep elf knights
  3 skeletal warriors (D:17)
  5 iron trolls
  A naga warrior (D:21)
  4 unseen horrors
  3 wizards (D:23)
  6 flayed ghosts
  A swamp dragon (shapeshifter) (D:24)
  8 orc sorcerers
  2 lindwurms (D:21)
  25 orc knights
  2 wolf spiders
  14 hill giants
  4 harpies (D:24)
  5 necromancers
  2 human zombies (D:18)
  9 giant amoebae
  A hydra zombie (D:10)
  Joseph (D:12)
  2 hellions (D:25)
  An iron troll skeleton (D:22)
  7 phantasmal warriors
  5 griffons
  2 red wasps
  A cyclops (shapeshifter) (D:24)
  2 shining eyes
  6 guardian serpents (D:21)
  A moth of wrath (shapeshifter) (D:25)
  2 harpy skeletons
  Maurice (Orc:2)
  9 cyclopes
  2 spiny worms
  An ice dragon zombie (D:22)
  A fire crab (shapeshifter) (D:24)
  3 elephant slugs
  11 black mambas
  4 spriggan druids
  4 orange demons (D:6)
  An item mimic (Lair:1)
  A hellwing (D:26)
  56 slime creatures
  9 elephants
  4 spiny frogs
  An ettin skeleton (D:20)
  52 yaktaurs
  Psyche (D:9)
  11 rock trolls
  2 feature mimics (Orc:4)
  6 komodo dragons
  75 ugly things
  Sonja (D:13)
  7 trolls
  A naga mage (D:21)
  A komodo dragon (shapeshifter) (D:24)
  A deep troll zombie (D:22)
  The ghost of Lightli the Chopper, an average HOSt of Trog (D:5)
  A snapping turtle (Lair:5)
  A troll (shapeshifter) (D:21)
  27 spriggans
  6 two-headed ogres
  A queen bee (Lair:6)
  29 blink frogs
  A rock troll skeleton (D:17)
  An elf (shapeshifter) (D:12)
  9 grizzly bears (Lair:8)
  2 wyverns
  A red wasp simulacrum (D:21)
  6 deep elf conjurers
  A vampire (D:19)
  5 basilisks
  10 brown oozes
  A merfolk (shapeshifter) (D:25)
  A merfolk (D:7)
  A hog (shapeshifter) (D:24)
  A wraith (D:20)
  2 trapdoor spiders
  5 vampire mosquitoes
  4 hungry ghosts
  4 redbacks
  33 yaks
  A hill giant simulacrum (D:18)
  8 hippogriffs
  6 boulder beetles
  5 fire drakes
  2 yaktaur zombies (D:26)
  10 war dogs (Lair:8)
  A cyclops zombie (D:14)
  5 freezing wraiths
  7 rock worms
  A cyclops skeleton (D:15)
  A giant slug zombie (D:22)
  A sky beast (D:6)
  A rock troll simulacrum (D:18)
  4 mottled dragons
  64 orc warriors
  2 deep elf priests
  2 necrophages
  3 phantoms
  A small abomination (D:9)
  A bumblebee zombie (D:26)
  27 ogres
  7 black bears (Lair:8)
  An ice beast (D:11)
  23 centaurs
  A yak skeleton (D:14)
  A yellow wasp (D:11)
  2 rotting devils (D:6)
  3 boring beetles
  10 giant goldfish
  4 big kobolds
  9 wargs
  13 crocodiles
  2 gnoll sergeants
  A naga (shapeshifter) (D:21)
  2 brain worms
  22 wolves
  25 nagas
  13 giant slugs
  A soldier ant zombie (D:26)
  A yellow wasp zombie (D:5)
  7 agate snails
  A deep elf mage (D:24)
  A basilisk zombie (D:6)
  13 water moccasins
  A centaur skeleton (D:14)
  A water moccasin skeleton (D:10)
  A basilisk skeleton (D:14)
  20 giant frogs
  4 jellyfish (D:19)
  An eye of draining (Slime:3)
  9 wights
  A killer bee zombie (D:12)
  40 killer bees
  4 electric eels
  A brain worm zombie (D:13)
  7 big fish
  2 goliath beetles
  31 orc priests
  14 crimson imps
  5 shadows
  A big kobold skeleton (D:6)
  6 hounds
  A soldier ant simulacrum (D:17)
  65 orc wizards
  A scorpion (D:12)
  8 worker ants
  15 orange rats
  A deep elf soldier (D:25)
  10 iguanas
  3 porcupines (Lair:5)
  A worker ant zombie (D:5)
  11 sheep
  A worm zombie (D:26)
  10 jellies
  2 goliath beetle zombies (D:9)
  18 gnolls
  2 flying skulls (D:26)
  58 green rats
  21 adders
  An iguana zombie (D:6)
  An adder zombie (D:10)
  5 giant centipedes
  3 iguana skeletons
  An adder skeleton (D:5)
  5 giant mites
  5 white imps (D:25)
  9 worms
  A bat skeleton (D:26)
  3 giant eyeballs
  8 giant geckos
  A gnoll skeleton (D:5)
  224 orcs
  10 ball pythons
  13 grey rats
  18 hobgoblins
  24 jackals
  30 kobolds
  9 quokkas
  41 bats
  7 giant cockroaches
  A giant gecko zombie (D:26)
  9 giant newts
  24 goblins
  A hobgoblin skeleton (D:5)
  A jackal skeleton (D:5)
  7 orc zombies
  2 quokka skeletons
  A quokka zombie (D:7)
  29 rats
  2 rat skeletons (D:5)
  3 ballistomycetes (D:13)
  A bush (Lair:5)
  2 plants (D:25)
  16 toadstools
1995 creatures vanquished.

Vanquished Creatures (collateral kills)
  A Brimstone Fiend (D:25)
  An Ice Fiend (D:25)
  A balrug (D:25)
  Aizul (D:19)
  An azure jelly (Slime:6)
  A stone giant (D:24)
  A great orb of eyes (Slime:6)
  A yaktaur captain (D:24)
  A death ooze (Slime:6)
  A hellion (D:25)
  A harpy (D:24)
  A human (shapeshifter) (D:24)
  A rock troll (D:25)
  A slime creature (Slime:6)
  A merfolk (shapeshifter) (D:24)
  A mottled dragon (D:19)
  A white imp (D:25)
17 creatures vanquished.

Vanquished Creatures (others)
  An iron troll (D:25)
  A hill giant (D:25)
  2 yaktaurs (D:26)
  An ettin skeleton (D:26)
  A troll (D:25)
  A war dog (Lair:8)
  An ogre (D:19)
  A giant frog (Lair:7)
  A wolf (Lair:8)
  An orc wizard (Orc:4)
  A green rat (D:26)
  An adder (Lair:8)
  An adder skeleton (D:26)
  A white imp (D:25)
  7 orcs
  2 jackals (Lair:6)
  A giant newt (D:4)
  A giant spore (D:13)
  An orc zombie (Orc:4)
  A rat (D:4)
  7 fungi
  8 plants
  49 toadstools
92 creatures vanquished.

Grand Total: 2104 creatures vanquished

Notes
Turn   | Place    | Note
--------------------------------------------------------------
     0 | D:1      | Lightli, the Minotaur Stalker, began the quest for the Orb.
     0 | D:1      | Reached XP level 1. HP: 16/16 MP: 1/1
   353 | D:1      | Reached XP level 2. HP: 20/23 MP: 1/1
   452 | D:1      | Reached skill level 3 in Fighting
   691 | D:2      | Reached XP level 3. HP: 29/29 MP: 2/2
   924 | D:2      | Reached skill level 4 in Fighting
  1551 | D:3      | Reached XP level 4. HP: 22/37 MP: 3/3
  1854 | D:3      | Noticed Grinder
  1888 | D:3      | Paralysed by Grinder for 5 turns
  2057 | D:4      | Found Saeguok's Food Boutique.
  2071 | D:4      | Reached skill level 5 in Fighting
  2089 | D:4      | Found a glowing drain.
  2111 | Sewer    | Entered a sewer
  2382 | Sewer    | Reached XP level 5. HP: 35/44 MP: 3/3
  2460 | Sewer    | Noticed a big kobold
  2481 | Sewer    | Killed a big kobold
  2481 | Sewer    | Reached skill level 6 in Fighting
  2770 | Sewer    | Reached skill level 1 in Axes
  2940 | Sewer    | Noticed a big kobold
  2952 | Sewer    | Killed a big kobold
  2952 | Sewer    | Reached XP level 6. HP: 46/51 MP: 4/4
  3482 | D:4      | Found a shimmering altar of Xom.
  3534 | D:5      | Entered Level 5 of the Dungeon
  4007 | D:5      | Reached skill level 5 in Axes
  4341 | D:5      | Reached XP level 7. HP: 56/58 MP: 4/4
  4379 | D:5      | Noticed Lightli's ghost (average HOSt)
  5616 | D:5      | Found a staircase to the Ecumenical Temple.
  5627 | Temple   | Entered the Ecumenical Temple
  6228 | D:6      | Reached skill level 7 in Axes
  6476 | D:6      | Noticed an orange demon
  6476 | D:6      | Noticed an orange demon
  6482 | D:6      | Noticed an orange demon
  6483 | D:6      | Noticed an orange demon
  6483 | D:6      | Noticed an orange demon
  6503 | D:6      | Reached skill level 8 in Axes
  6503 | D:6      | Reached XP level 8. HP: 52/66 MP: 5/5
  6754 | D:6      | Found a staircase to the Orcish Mines.
  6817 | D:6      | Reached skill level 9 in Axes
  7052 | D:7      | Found a shattered altar of Ashenzari.
  7560 | D:7      | Reached skill level 10 in Axes
  7925 | D:5      | Killed Lightli's ghost
  7976 | D:5      | Learned a level 1 spell: Apportation
  8188 | Temple   | Became a worshipper of Trog the Wrathful
  8378 | D:3      | Acquired Trog's first power
  8653 | D:3      | Reached XP level 9. HP: 66/72 MP: 6/6
  9040 | D:4      | Found a snail-covered altar of Cheibriados.
  9301 | D:4      | Reached skill level 11 in Axes
  9434 | D:5      | Acquired Trog's second power
  9953 | D:6      | Killed an orange demon
  9953 | D:6      | Reached skill level 12 in Axes
 10135 | D:6      | Killed an orange demon
 10184 | D:6      | Killed an orange demon
 10184 | D:6      | Reached skill level 13 in Axes
 10752 | D:7      | Found Soegu's Assorted Antiques.
 10876 | D:6      | Killed an orange demon
 10876 | D:6      | Reached skill level 14 in Axes
 10876 | D:6      | Reached XP level 10. HP: 80/80 MP: 6/6
 11098 | D:7      | Bought a runed broad axe for 180 gold pieces
 11098 | D:7      | Bought a scroll labeled KEIMPA XUISCH for 30 gold pieces
 11130 | D:7      | Noticed a cyclops
 11138 | D:7      | Killed a cyclops
 11373 | D:7      | Acquired Trog's third power
 11846 | D:8      | Reached skill level 15 in Axes
 12202 | D:9      | Paralysed by a giant eyeball for 3 turns
 12269 | D:9      | Noticed Psyche
 12276 | D:9      | Killed Psyche
 12431 | D:9      | Reached skill level 16 in Axes
 13180 | D:10     | Entered Level 10 of the Dungeon
 13513 | D:10     | HP: 3/80 [something (7)]
 13515 | D:10     | Killed an unseen horror
 13515 | D:10     | Reached skill level 17 in Axes
 13859 | D:10     | Noticed a dragon
 14229 | D:10     | Noticed Josephine
 14236 | D:10     | Killed Josephine
 14236 | D:10     | Reached XP level 11. HP: 86/86 MP: 6/6
 14367 | D:10     | Reached skill level 18 in Axes
 14741 | D:10     | Found Ufinwual's Food Shoppe.
 15400 | D:10     | Killed a dragon
 15400 | D:10     | Received a gift from Trog
 15736 | D:11     | Reached skill level 1 in Armour
 15984 | D:11     | Noticed Urug
 16006 | D:11     | Killed Urug
 16006 | D:11     | Reached skill level 5 in Armour
 16289 | D:11     | Paralysed by a yellow wasp for 2 turns
 17284 | D:12     | Paralysed by a giant eyeball for 4 turns
 17375 | D:12     | Noticed a hill giant
 17721 | D:12     | Killed a hill giant
 17721 | D:12     | Reached skill level 10 in Armour
 17787 | D:12     | Noticed Joseph
 17940 | D:12     | Killed Joseph
 17969 | D:11     | Noticed a hill giant
 18370 | D:12     | Noticed Gastronok
 18397 | D:12     | Killed Gastronok
 18397 | D:12     | Reached XP level 12. HP: 43/93 MP: 8/8
 18823 | D:12     | Found a staircase to the Lair.
 18931 | D:13     | Noticed Sonja
 18943 | D:13     | Killed Sonja
 18982 | D:13     | Found a deep blue altar of Sif Muna.
 18982 | D:13     | Noticed Lightli's ghost (powerful OpSt)
 18996 | D:13     | Killed Lightli's ghost
 19349 | D:13     | Reached skill level 10 in Fighting
 19362 | D:13     | Received a gift from Trog
 19402 | D:13     | Gained mutation: You evolve. [mutagenic meat]
 19407 | D:13     | Noticed a centaur warrior
 19604 | D:13     | Gained mutation: Your muscles are flexible, but weak (Str -1, Dex +1). [evolution]
 19811 | D:13     | Killed a centaur warrior
 20367 | Lair:1   | Entered Level 1 of the Lair of Beasts
 20368 | Lair:1   | Noticed Lightli's ghost (powerful TeSt)
 20444 | Lair:1   | Killed Lightli's ghost
 20531 | Lair:1   | hi spriggan's knife
 20723 | Lair:1   | Received a gift from Trog
 21519 | Lair:2   | Reached skill level 19 in Axes
 21778 | Lair:2   | Reached XP level 13. HP: 107/113 MP: 8/8
 22196 | Lair:3   | Received a gift from Trog
 22999 | Lair:4   | Found a blossoming altar of Fedhas.
 23219 | Lair:4   | Received a gift from Trog
 23368 | Lair:5   | Reached skill level 20 in Axes
 24023 | Lair:5   | Gained mutation: You are covered in fur (AC +1). [evolution]
 24140 | Lair:5   | Received a gift from Trog
 24176 | Lair:5   | Found a staircase to the Snake Pit.
 24479 | Lair:5   | Found a staircase to the Shoals.
 24640 | Lair:6   | Received a gift from Trog
 24645 | Lair:6   | Reached skill level 21 in Axes
 25183 | Lair:6   | Noticed a five-headed hydra
 25192 | Lair:6   | Killed an eight-headed hydra
 25332 | Lair:6   | Received a gift from Trog
 25962 | Lair:7   | Received a gift from Trog
 25979 | Lair:7   | Noticed a four-headed hydra
 25987 | Lair:7   | Killed a six-headed hydra
 25987 | Lair:7   | Reached skill level 22 in Axes
 26183 | Lair:7   | Noticed a five-headed hydra
 26193 | Lair:7   | Killed a ten-headed hydra
 26498 | Lair:8   | Entered Level 8 of the Lair of Beasts
 26572 | Lair:8   | Reached XP level 14. HP: 27/121 MP: 2/8
 26708 | Lair:8   | Found a labyrinth entrance.
 26713 | Lab      | Entered a labyrinth
 27197 | Lab      | Got a flickering marble ring
 27210 | Lab      | Received a gift from Trog
 27556 | Lair:8   | Found a staircase to the Slime Pits.
 27578 | Lair:8   | Reached skill level 23 in Axes
 27722 | Lair:8   | hi wrath of trog
 29248 | Lair:8   | Gained mutation: You can spit poison. [evolution]
 29248 | Lair:8   | Lost mutation: You evolve. [end of evolution]
 29286 | Lair:8   | Reached skill level 24 in Axes
 29303 | Lair:8   | Received a gift from Trog
 30393 | Orc:1    | Entered Level 1 of the Orcish Mines
 30570 | Orc:1    | Received a gift from Trog
 31205 | Orc:4    | Entered Level 4 of the Orcish Mines
 31273 | Orc:4    | Received a gift from Trog
 31676 | Orc:4    | Found a staircase to the Elven Halls.
 31957 | Orc:4    | Reached skill level 25 in Axes
 31976 | Orc:4    | Received a gift from Trog
 32069 | Orc:4    | Found a roughly hewn altar of Beogh.
 32230 | Orc:4    | Found Gamoeh's Armour Emporium.
 32255 | Orc:4    | Bought a +0 pair of orcish gauntlets for 21 gold pieces
 32262 | Orc:4    | Found Tiynia's Armour Boutique.
 32305 | Orc:4    | Bought the +2 hat of the Bear Spirit {Spirit, +Rage rN+ MR} for 589 gold pieces
 32310 | Orc:4    | Bought a +2 pair of gloves of strength for 301 gold pieces
 32315 | Orc:4    | Bought a +1 cloak for 94 gold pieces
 32547 | Orc:4    | Found Poalorgh's Antique Weapon Boutique.
 32581 | Orc:4    | Poalorgh's Antique Weapon Boutique was a mimic.
 32590 | Orc:4    | Found Idetoud's Assorted Antiques.
 32595 | Orc:4    | Received a gift from Trog
 32597 | Orc:4    | Reached XP level 15. HP: 124/128 MP: 3/9
 32614 | Orc:4    | Bought a scroll of enchant weapon I for 143 gold pieces
 33016 | Orc:2    | Noticed Maurice
 33017 | Orc:2    | Reached XP level 14. HP: 181/181 MP: 2/2
 33020 | Orc:2    | Killed Maurice
 33436 | D:14     | Entered Level 14 of the Dungeon
 33481 | D:14     | Found Koanain's Weapon Shop.
 33558 | D:14     | Reached XP level 15. HP: 78/128 MP: 3/9
 33761 | D:14     | Received a gift from Trog
 33876 | D:14     | Found a flagged portal.
 33894 | Bailey   | Entered a bailey
 33981 | Bailey   | Identified the ring "Tyddal" {Str+2 Dex+2 Int+1} (You found it in a labyrinth)
 34218 | D:15     | Entered Level 15 of the Dungeon
 34309 | D:15     | Found an iron altar of Okawaru.
 34620 | D:15     | Noticed Fannar
 34632 | D:15     | Killed Fannar
 34632 | D:15     | Reached skill level 26 in Axes
 34660 | D:15     | Got an ancient scale mail
 34679 | D:15     | Identified the +2 scale mail of the Illusory Seas (You found it on level 15 of the Dungeon)
 35303 | D:16     | Reached skill level 5 in Dodging
 35983 | D:17     | Received a gift from Trog
 36429 | D:17     | Reached skill level 10 in Dodging
 36858 | D:18     | Received a gift from Trog
 36908 | D:18     | Reached XP level 16. HP: 111/137 MP: 3/10
 37038 | D:18     | Found a staircase to the Vaults.
 37367 | D:19     | Noticed P0WERM0DE's ghost (powerful SECK)
 37641 | D:19     | Killed P0WERM0DE's ghost
 37970 | D:19     | Received a gift from Trog
 37989 | D:19     | Got a smoking cloak
 37995 | D:19     | Identified the +2 cloak of the Eternal Void (You found it on level 19 of the Dungeon)
 38270 | D:19     | Noticed Norris
 38299 | D:19     | Killed Norris
 38330 | D:19     | Noticed Louise
 38343 | D:19     | Killed Louise
 38425 | D:19     | Reached XP level 17. HP: 132/145 MP: 2/10
 38511 | D:19     | HP: 1/145 [deep elf knight/arrow (32)]
 38573 | D:19     | Noticed Aizul
 38583 | D:19     | Killed Aizul
 38737 | D:19     | Gained mutation: Your mind is acute (Int +1). [potion of gain intelligence]
 38841 | D:19     | Reached XP level 16. HP: 93/138 MP: 1/3
 38850 | D:19     | Reached XP level 17. HP: 121/146 MP: 1/10
 38976 | D:19     | Received a gift from Trog
 39047 | D:20     | Entered Level 20 of the Dungeon
 39304 | D:20     | Reached skill level 15 in Fighting
 39623 | D:20     | Found a sparkling altar of Nemelex Xobeh.
 39749 | D:20     | Reached skill level 1 in Traps & Doors
 40250 | D:21     | Found a one-way gate to the infinite horrors of the Abyss.
 40283 | D:21     | Noticed a titan
 40289 | D:21     | Killed a titan
 40355 | D:21     | Noticed a lich
 40371 | D:21     | Killed a lich
 40371 | D:21     | Reached skill level 5 in Traps & Doors
 40485 | D:21     | Noticed a tentacled monstrosity
 40493 | D:21     | Killed a tentacled monstrosity
 40495 | D:21     | Received a gift from Trog
 40924 | D:21     | Noticed a titan
 40949 | D:21     | Killed a titan
 41185 | D:21     | Reached XP level 18. HP: 157/157 MP: 3/11
 41265 | D:21     | Noticed a lich
 41275 | D:21     | Killed a lich
 41438 | D:21     | Reached skill level 10 in Traps & Doors
 42025 | D:21     | Received a gift from Trog
 42583 | D:21     | Reached skill level 15 in Armour
 43148 | D:21     | Found a gateway to Hell.
 43241 | D:21     | Noticed a sphinx
 43246 | D:21     | Killed a sphinx
 43258 | D:21     | Received a gift from Trog
 43842 | D:22     | Got a scintillating bone amulet
 43997 | D:22     | Identified the amulet of the Countless Wishes {Dex+3 Int-3} (You found it on level 22 of the Dungeon)
 44655 | D:22     | Got a jewelled chain mail
 44673 | D:22     | Identified the cursed -4 chain mail of Trokoy (You found it on level 22 of the Dungeon)
 44967 | D:22     | Found a magical portal.
 44977 | WizLab   | Entered a wizard's laboratory
 45021 | WizLab   | Reached XP level 19. HP: 165/165 MP: 3/11
 45051 | WizLab   | Reached skill level 1 in Evocations
 45057 | WizLab   | Identified a scroll of acquirement
 45568 | D:22     | Received a gift from Trog
 45870 | D:23     | Reached skill level 5 in Evocations
 45939 | D:23     | Paralysed by a potion of paralysis for 6 turns
 47101 | D:23     | Found a radiant altar of Vehumet.
 47101 | D:23     | Noticed Frederick
 47112 | D:23     | Killed Frederick
 47615 | D:24     | Reached skill level 10 in Evocations
 47674 | D:24     | Received a gift from Trog
 48528 | D:24     | Paralysed by a great orb of eyes for 3 turns
 48832 | D:24     | Reached XP level 20. HP: 145/173 MP: 8/28
 48852 | D:24     | Noticed a tentacled monstrosity
 48858 | D:24     | Killed a tentacled monstrosity
 49035 | D:24     | Noticed a tentacled monstrosity
 49048 | D:24     | Killed a tentacled monstrosity
 49082 | D:24     | Found a one-way gate leading to the halls of Pandemonium.
 49186 | D:24     | Received a gift from Trog
 49568 | D:25     | Entered Level 25 of the Dungeon
 50278 | D:25     | Received a gift from Trog
 50298 | D:25     | Noticed a lich
 50309 | D:25     | Killed a lich
 50312 | D:25     | Noticed a Brimstone Fiend
 50333 | D:25     | HP: 7/173 [hellion/burst of hellfire (21)]
 50336 | D:25     | Killed a Brimstone Fiend
 50342 | D:25     | HP: 5/173 [Ice Fiend/bolt of cold (13)]
 52146 | D:25     | Noticed Mennas
 52169 | D:25     | Killed Mennas
 52308 | D:25     | Found an iron altar of Okawaru.
 52418 | D:25     | Received a gift from Trog
 52426 | D:25     | Reached XP level 21. HP: 153/183 MP: 8/29
 52429 | D:25     | Noticed a tentacled monstrosity
 52439 | D:25     | Killed a tentacled monstrosity
 53340 | D:26     | Received a gift from Trog
 53776 | D:26     | Received a gift from Trog
 54557 | D:26     | Reached XP level 22. HP: 136/202 MP: 9/29
 54985 | D:27     | Entered Level 27 of the Dungeon
 55293 | D:27     | Found Uruibiot's Food Emporium.
 55423 | D:27     | Noticed a golden dragon
 55438 | D:27     | Killed a golden dragon
 55438 | D:27     | Received a gift from Trog
 56520 | Slime:1  | Entered Level 1 of the Pits of Slime
 56637 | Slime:1  | Gained mutation: Your vision is a little blurry. [a shining eye]
 57239 | Slime:6  | Entered Level 6 of the Pits of Slime
 57384 | Slime:6  | Noticed the royal jelly
 57405 | Slime:6  | Mangled by an acid blob
